Map: Overgrown Facility

Players

Ric - Winner!

  • Race: Terran Terran
  • Spawn Location: 3:00

PureLegacy - Winner!

  • Race: Terran Terran
  • Spawn Location: 1:00

kaotan

  • Race: Zerg Zerg
  • Spawn Location: 9:00

Danlaus

  • Race: Protoss Protoss
  • Spawn Location: 7:00

VOD

Have the link to the VOD?

Description

Time

  • Played on: Nov. 22, 2018, 8:52 a.m.
  • Length: 8:04
Show
View Real Time Build Order
Export as new Build Order

Ric Terran - Winner!

Build Orders:  

Get SALT Encoding   

  12  0:02  SCV  
  13  0:14  SCV  
  14  0:19  Supply Depot  
  14  0:27  SCV  
  15  0:41  SCV  
  16  0:43  Barracks  
  16  0:50  Refinery  
  16  0:53  SCV  
  17  1:05  SCV  
  17  1:10  Barracks  
  18  1:17  SCV, Refinery  
  19  1:30  Supply Depot  
  19  1:33  Reaper  
  19  1:35  SCV  
  21  1:57  SCV  
  21  1:58  Barracks  
  22  2:03  Reaper  
  22  2:07  Reaper  
  24  2:19  Supply Depot  
  24  2:23  SCV  
  25  2:35  Reaper, SCV  
  27  2:39  Reaper  
  28  2:46  Engineering Bay  
  28  2:52  Reaper  
  29  3:07  Reaper  
  29  3:11  Reaper  
  31  3:24  Reaper  
  31  3:39  Reaper  
  32  3:43  Reaper  
  33  3:56  Reaper  
  33  4:11  Reaper  
  33  4:12  Orbital Command  
  33  4:15  Missile Turret  
  33  4:16  Reaper  
  35  4:25  Command Center  
  35  4:28  Reaper  
  36  4:43  Reaper  
  36  4:48  Reaper, Missile Turret  
  36  4:49  Terran Infantry Weapons Level 1  
  36  4:50  Missile Turret  
  37  4:53  Factory  
  37  5:00  Reaper  
  37  5:01  SCV  
  39  5:15  Factory, Missile Turret  
  39  5:18  SCV  
  39  5:36  Factory Reactor  
  39  5:38  Orbital Command  
  39  5:39  Supply Depot  
  39  5:46  Refinery  
  31  6:18  SCV  
  31  6:23  Factory Tech Lab, Widow Mine  
  32  6:25  Supply Depot  
  32  6:27  Armory  
  32  6:30  SCV  
  29  6:43  SCV  
  21  7:07  Hellion  
  21  7:08  Widow Mine  
  11  7:23  SCV  
  12  7:35  SCV  
Show
View Real Time Build Order
Export as new Build Order

PureLegacy Terran - Winner!

Build Orders: Reaper Expand 

Get SALT Encoding   

  12  0:01  SCV  
  13  0:14  SCV  
  14  0:18  Supply Depot  
  14  0:26  SCV  
  15  0:40  Barracks, SCV  
  16  0:47  Refinery  
  16  0:52  SCV  
  17  1:04  SCV  
  18  1:16  SCV  
  19  1:28  Orbital Command  
  19  1:30  Reaper  
  20  1:47  Command Center  
  20  1:55  SCV  
  20  1:56  Supply Depot  
  21  2:02  Barracks Reactor  
  21  2:07  SCV  
  22  2:10  Barracks  
  22  2:16  Barracks  
  22  2:20  SCV  
  23  2:29  Supply Depot  
  23  2:32  SCV  
  24  2:38  Marine x2  
  24  2:44  SCV  
  27  2:52  Refinery  
  27  2:56  Marine x2  
  27  2:57  SCV  
  30  2:59  Orbital Command  
  30  3:08  Barracks Tech Lab  
  30  3:09  Marine  
  30  3:11  SCV  
  32  3:15  Marine x2  
  34  3:24  SCV  
  36  3:27  SCV  
  36  3:28  Marine x2, Stimpack  
  38  3:35  Engineering Bay  
  38  3:36  SCV  
  38  3:39  SCV  
  40  3:46  Factory  
  40  3:48  Marine x2, SCV  
  43  3:49  Marine  
  43  3:52  SCV  
  43  3:54  Marine  
  46  4:07  Marine x3  
  46  4:09  SCV x2  
  51  4:10  Missile Turret, Terran Infantry Weapons Level 1  
  51  4:15  Missile Turret  
  51  4:21  SCV x2  
  51  4:23  Missile Turret  
  53  4:29  Barracks Reactor  
  54  4:33  Starport, Factory Reactor  
  54  4:34  Barracks Reactor  
  54  4:36  Supply Depot  
  52  4:42  Supply Depot  
  52  4:45  SCV x2  
  54  4:52  Barracks  
  54  4:55  Barracks  
  54  4:57  Marine x2  
  54  4:58  SCV x2  
  58  5:07  Marine  
  58  5:10  SCV x2, Refinery  
  58  5:11  Refinery  
  58  5:13  Supply Depot  
  61  5:29  SCV x2  
  61  5:33  Marine x4  
  61  5:35  Combat Shield  
  67  5:42  Barracks Reactor, Medivac x2  
  71  5:43  Engineering Bay, Barracks Tech Lab  
  71  5:49  Armory, SCV x2  
  73  5:52  Supply Depot  
  73  5:58  Marine x4  
  73  5:59  Marine  
  73  6:03  Concussive Shells  
  78  6:10  Supply Depot  
  78  6:11  Supply Depot  
  78  6:13  Marauder  
  78  6:17  Marine x4  
  84  6:19  Medivac  
  84  6:24  Medivac  
  88  6:28  Marine x2  
  88  6:29  Marauder  
  88  6:30  Missile Turret  
  92  6:42  Marine x5  
  97  6:51  Marine  
  97  6:52  Marine, Marauder  
  101  7:01  Marine x2  
  101  7:02  Marine x2, Marauder  
  101  7:08  Supply Depot x2  
  107  7:10  Supply Depot  
  107  7:15  Marine x2  
  108  7:44  Marine x4  
  108  7:45  Marine x3  
Show
View Real Time Build Order
Export as new Build Order

kaotan Zerg 

Build Orders: Pool First 

Get SALT Encoding   

  12  0:01  Drone  
  13  0:08  Drone  
  14  0:15  Extractor  
  14  0:16  Drone  
  14  0:25  Overlord  
  14  0:42  Spawning Pool  
  13  0:45  Drone  
  14  0:50  Drone  
  14  0:53  Drone  
  16  0:58  Drone  
  17  1:06  Drone  
  18  1:18  Drone  
  19  1:34  Drone  
  19  1:35  Hatchery  
  19  1:39  Drone  
  20  1:47  Extractor  
  20  1:51  Lair  
  19  1:59  Zergling x2  
  19  2:00  Zergling x2  
  21  2:07  Metabolic Boost  
  21  2:14  Zergling x2  
  22  2:23  Overlord  
  22  2:37  Overlord  
  22  2:43  Drone  
  23  2:53  Drone  
  23  2:54  Drone  
  25  2:59  Drone  
  25  3:03  Spire  
  25  3:04  Drone  
  26  3:11  Queen  
  28  3:19  Zergling x4  
  30  3:22  Drone  
  31  3:35  Zergling x4  
  33  3:48  Zergling x2  
  33  3:49  Zergling x4  
  33  3:53  Drone  
  37  3:59  Zergling x2  
  34  4:12  Zergling x4  
  34  4:16  Extractor  
  35  4:23  Drone x2  
  37  4:24  Queen  
  37  4:27  Drone  
  40  4:35  Drone  
  40  4:36  Drone  
  42  4:48  Drone x2  
  42  4:49  Overlord  
  43  5:01  Overlord  
  43  5:03  Overlord  
  43  5:08  Extractor  
  43  5:09  Overlord  
  43  5:12  Zerg Flyer Weapons Level 1  
  42  5:15  Mutalisk  
  42  5:16  Mutalisk x3  
  50  5:29  Mutalisk  
  50  5:30  Mutalisk  
  54  5:43  Mutalisk x3  
  54  5:45  Overlord  
  54  5:47  Drone  
  61  5:52  Drone x2  
  55  6:21  Mutalisk x2  
  55  6:22  Mutalisk  
  61  6:26  Mutalisk  
  61  6:33  Mutalisk  
  61  6:35  Zergling x4  
  55  6:40  Zergling x4  
  55  6:46  Zergling x4  
  59  6:57  Zergling x6  
  62  7:04  Zergling x4  
Show
View Real Time Build Order
Export as new Build Order

Danlaus Protoss 

Build Orders: Dark Templar Rush 

Get SALT Encoding   

  12  0:01  Probe  
  13  0:13  Probe  
  14  0:19  Pylon  
  14  0:25  Probe  
  15  0:37  Gateway  
  15  0:40  Probe  
  16  0:46  Assimilator  
  16  0:52  Assimilator  
  16  0:53  Probe  
  17  1:01  Probe  
  17  1:11  Probe  
  19  1:23  Probe  
  20  1:28  Cybernetics Core  
  20  1:31  Pylon  
  20  1:35  Probe  
  20  1:39  Warp Gate  
  21  1:47  Probe  
  22  1:59  Probe  
  23  2:05  Twilight Council  
  23  2:09  Stalker  
  23  2:11  Probe  
  26  2:22  Robotics Facility  
  26  2:32  Gateway  
  25  2:51  Dark Shrine  
  25  2:56  Gateway  
  25  3:02  Gateway  
  15  3:46  Stalker x2  
  16  3:52  Warp Prism  
  18  4:36  Stalker x2  
  22  5:13  Pylon  
  22  5:28  Probe  
  23  5:40  Probe  
  24  5:43  Pylon  
  24  5:53  Probe  
  25  6:05  Probe  
  25  6:10  Dark Templar x2  
  30  6:15  Dark Templar  
  32  6:46  Dark Templar  
  28  7:05  Probe  
  29  7:11  Stalker  
  31  7:17  Probe  
  32  7:29  Probe  
  33  7:40  Dark Templar  
  33  7:41  Probe, Dark Templar x2  
Tags
 
Add a new tag
Caveats
  • Supply blocks, unpowered buildings, or Contaminate may cause inaccurate times.
  • Supply counts are checked every 10 seconds.